 Dungeon Sprint DCSS version 0.29.1-4-g47bece8355 (webtiles) character file.

Game seed: 13633234354370108890

2485 boopmooplesden the Fencer (level 9, -1/100 HPs)
             Began as a Minotaur Berserker on Dec 11, 2022.
             Was a High Priest of Trog.
             Slain by a tentacle (6 damage)
             ... attached to a kraken
             ... in the Dungeon (Sprint II: "The Violet Keep of Menkaure").
             The game lasted 00:02:30 (1008 turns).

boopmooplesden the Fencer (Minotaur Berserker)      Turns: 1008, Time: 00:02:31

Health: -1/100     AC: 13    Str: 24    XL:     9   Next: 27%
Magic:  8/8        EV: 11    Int:  4    God:    Trog [*****.]
Gold:   131        SH:  0    Dex: 12    Spells: 8/8 levels left

rFire   + . .      SeeInvis .   k - +3 long sword (holy)
rCold   . . .      Faith    .   (no shield)
rNeg    . . .      Spirit   .   l - +3 chain mail {rF+}
rPois   .          Reflect  .   (helmet restricted)
rElec   .          Harm     .   (no cloak)
rCorr   .          Rampage  +   (no gloves)
Will    .....      NoTele   +   i - +2 pair of boots {rampage}
Stlth   ..........              (no amulet)
HPRegen 0.26/turn               (no ring)
MPRegen 0.11/turn               (no ring)

@: lethally poisoned (-1 -> -3)
A: horns 2, retaliatory headbutt, deformed body
a: Renounce Religion, Berserk, Trog's Hand, Brothers in Arms


You were in the Dungeon.
You worshipped Trog.
Trog was extremely pleased with you.
You visited 1 branch You collected 815 gold pieces.
You spent 684 gold pieces at shops.

Inventory:

Hand Weapons
 a - a +0 falchion
 j - a +0 long sword of holy wrath
 k - a +3 long sword of holy wrath (weapon)
Armour
 b - a +0 animal skin
 i - a +2 pair of boots of rampaging (worn)
 l - a +3 chain mail of fire resistance (worn)
Scrolls
 h - a scroll of blinking
Potions
 c - a potion of curing
 d - a potion of heal wounds
 e - a potion of haste
 f - 2 potions of magic
 g - a potion of berserk rage


   Skills:
 + Level 15.7 Fighting
 + Level 15.9 Long Blades
 + Level 8.5 Armour
 + Level 9.1 Dodging
 + Level 1.7 Stealth


You had 8 spell levels left.
You didn't know any spells.
Your spell library was empty.

Dungeon Overview and Level Annotations

Branches:
Dungeon (1/1)

Altars:
Cheibriados
Dithmenos
Elyvilon
Fedhas
Gozag
Hepliaklqana
Kikubaaqudgha
Makhleb
Nemelex Xobeh
Okawaru
Qazlal
Ru
Sif Muna
Trog
Uskayaw
Vehumet
Wu Jian
Xom
Yredelemnul
Zin
The Shining One
Jiyva
Lugonu

Shops:
D !:=![(=[:**[(?[

Annotations:
D exclusions: oklob plant and orange crystal statue


Innate Abilities, Weirdness & Mutations

You have a pair of horns on your head.
You reflexively headbutt those who attack you in melee.
Armour fits poorly on your strangely shaped body.


Message History

You feel sick.
The water moccasin hisses angrily.
You rampage towards the kraken!
You feel sick.
You are no longer poisoned.
You rampage towards the kraken!
The water moccasin attacks as you move away!
The water moccasin barely misses you.
The walls and floor vibrate strangely for a moment.
The water moccasin bites you.
You are poisoned.
The water moccasin poisons you!
The water moccasin bites you but does no damage.
Tentacles burst out of the water! 2 tentacles come into view.
As you open the door, it creaks loudly!
You feel very sick. The water moccasin bites you.
Found six items.
You feel very sick. The tentacle closely misses you.
The water moccasin bites you but does no damage.
The tentacle slaps you! The water moccasin bites you.
There is an open door, spattered with blood here.
Found six items.
You feel sick. The tentacle barely misses you. You furiously retaliate!
You headbutt the tentacle. The tentacle slaps you!
* * * LOW HITPOINT WARNING * * *
You see here 19 gold pieces.
You feel sick.
You see here 11 gold pieces.
You feel sick. The tentacle slaps you.
* * * LOW HITPOINT WARNING * * *
You see here a fizzy green potion.
You feel sick. The tentacle slaps you.
* * * LOW HITPOINT WARNING * * *
You see here 3 glowing black potions.
Unknown command.
Found the Orb of Zot.
You feel sick.
You see here 9 gold pieces.
You feel sick. The tentacle slaps you.
You die...

▓▓▓ ▓0.. ▓▓▓▓▓▓▓▓▓▓
▓§§§≈≈≈≈§▓▓ ▓▓▓▓▓▓▓▓▓▓▓
▓?))$$(([▓▓ ▓$))$$)?(▓▓
+.### [▓:$?(?$@)▓▓
...####▓)$?=!w$)▓▓
#..##.#▓!?$$/$!)▓▓
+..#..#▓)?!<($!"▓▓
#..#..#▓!!$!\!$=▓▓
###.^##.#▓(!)$:\$?▓▓
.###...##▓▓▓▓▓▓▓\▓▓▓▓+▓
...§~~)~~~~†~§§~S\wX≈≈▓
§..~#'########'###Vww≈▓


You could see a kraken, 2 tentacles and a water moccasin.

Vanquished Creatures
  A yaktaur (D)
  3 polar bears (D)
  A hornet (D)
  2 wyverns (D)
  4 neqoxecs (D)
  4 water moccasins (D)
  4 scorpions (D)
19 creatures vanquished.

Vanquished Creatures (others)
  A blink frog (D)
  Menkaure (D)
2 creatures vanquished.

Grand Total: 21 creatures vanquished

Notes
Turn   | Place    | Note
-------+----------+-------------------------------------------
     0 | D        | boopmooplesden the Minotaur Berserker began the quest for
                  | the Orb.
     0 | D        | Reached XP level 1. HP: 19/19 MP: 0/0
     1 | D        | Noticed a wyvern
     1 | D        | Noticed a wyvern
     4 | D        | Noticed a scorpion
     4 | D        | Noticed a scorpion
     9 | D        | Killed a scorpion
    10 | D        | Reached XP level 2. HP: 31/31 MP: 1/1
    10 | D        | Reached XP level 3. HP: 38/38 MP: 2/2
    11 | D        | Killed a scorpion
    12 | D        | Reached XP level 4. HP: 48/48 MP: 3/3
    13 | D        | Noticed a scorpion
    13 | D        | Noticed a scorpion
    17 | D        | Killed a scorpion
    17 | D        | Reached ** piety under Trog
    18 | D        | Reached XP level 5. HP: 25/56 MP: 4/4
   103 | D        | Killed Menkaure
   143 | D        | Killed a wyvern
   144 | D        | Reached skill level 10 in Fighting
   144 | D        | Reached skill level 5 in Armour
   144 | D        | Reached skill level 5 in Dodging
   144 | D        | Reached XP level 6. HP: 67/67 MP: 5/5
   148 | D        | Killed a wyvern
   149 | D        | Reached XP level 7. HP: 59/74 MP: 6/6
   240 | D        | Noticed a neqoxec
   240 | D        | Noticed a neqoxec
   240 | D        | Noticed a neqoxec
   240 | D        | Noticed a neqoxec
   247 | D        | Killed a neqoxec
   247 | D        | Reached *** piety under Trog
   249 | D        | Gained mutation: Armour fits poorly on your strangely
                  | shaped body. [a neqoxec]
   253 | D        | Killed a neqoxec
   258 | D        | Killed a neqoxec
   267 | D        | Killed a neqoxec
   268 | D        | Reached XP level 8. HP: 86/86 MP: 7/7
   458 | D        | Noticed a boulder beetle
   458 | D        | Noticed a boulder beetle
   466 | D        | Noticed an orange crystal statue
   469 | D        | Found Ymauxoss's Armour Shop.
   470 | D        | Found Exeozxom's Weapon Boutique.
   470 | D        | Found Ineataf's Magic Scroll Boutique.
   471 | D        | Found Yhuw Sai's Assorted Antiques.
   471 | D        | Found Tuasoniz's Armour Shop.
   472 | D        | Found Vusku's Book Boutique.
   472 | D        | Found Xirr's General Store.
   473 | D        | Found Tohotann's Jewellery Shop.
   474 | D        | Noticed a blink frog
   797 | D        | Found Vosek's Antique Weapon Shop.
   797 | D        | Found Raugauf's Antique Armour Shop.
   797 | D        | Found Oqaej's Antique Armour Boutique.
   801 | D        | Found Duuqohor's Distillery.
   801 | D        | Found Oschuiceo's Jewellery Boutique.
   801 | D        | Noticed an oklob plant
   802 | D        | Found Anaxo's Distillery.
   802 | D        | Found Arops's Book Shoppe.
   803 | D        | Noticed a hell hog
   803 | D        | Noticed a hell hog
   809 | D        | Reached **** piety under Trog
   812 | D        | Bought a +2 pair of boots of rampaging for 215 gold pieces
   818 | D        | Bought a +0 long sword of holy wrath for 107 gold pieces
   828 | D        | Noticed a slime creature
   829 | D        | Bought a runed long sword for 175 gold pieces
   832 | D        | Bought a glowing chain mail for 187 gold pieces
   926 | D        | Found an opulent altar of Gozag.
   927 | D        | Found a blossoming altar of Fedhas.
   927 | D        | Killed a blink frog
   928 | D        | Found a white marble altar of Elyvilon.
   928 | D        | Found a burning altar of Makhleb.
   929 | D        | Found a shadowy altar of Dithmenos.
   929 | D        | Found a corrupted altar of Lugonu.
   932 | D        | Found a snail-covered altar of Cheibriados.
   932 | D        | Found an ancient bone altar of Kikubaaqudgha.
   932 | D        | Found a bloodstained altar of Trog.
   933 | D        | Found a viscous altar of Jiyva.
   933 | D        | Found a shimmering blue altar of Sif Muna.
   934 | D        | Found a hazy altar of Hepliaklqana.
   934 | D        | Found a sacrificial altar of Ru.
   935 | D        | Found a stormy altar of Qazlal.
   935 | D        | Found an ornate altar of the Wu Jian Council.
   935 | D        | Found a shimmering altar of Xom.
   935 | D        | Noticed a polar bear
   935 | D        | Noticed a yaktaur
   935 | D        | Noticed a hornet
   935 | D        | Noticed a polar bear
   935 | D        | Noticed a polar bear
   938 | D        | Found a sparkling altar of Nemelex Xobeh.
   938 | D        | Found a hide-covered altar of Uskayaw.
   938 | D        | Found a basalt altar of Yredelemnul.
   938 | D        | Found a glowing golden altar of the Shining One.
   939 | D        | Found an iron altar of Okawaru.
   939 | D        | Found a radiant altar of Vehumet.
   939 | D        | Found a glowing silver altar of Zin.
   945 | D        | Killed a polar bear
   946 | D        | Reached skill level 1 in Stealth
   950 | D        | Killed a hornet
   955 | D        | Killed a polar bear
   956 | D        | Reached skill level 15 in Long Blades
   961 | D        | Killed a polar bear
   962 | D        | Reached skill level 15 in Fighting
   962 | D        | Reached XP level 9. HP: 97/97 MP: 8/8
   965 | D        | Killed a yaktaur
   984 | D        | Noticed a kraken
   991 | D        | Reached ***** piety under Trog
  1007 | D        | HP: 5/100 [poisoned by a water moccasin]
  1008 | D        | Slain by a tentacle

Illustrated notes

Levels and vault maps discovered:
D:        the_violet_keep_of_menkaure [sprint2_stairs_cluster_1,
          sprint2_shoproom, sprint2_temple, sprint2_basic_supplies,
          sprint2_obstacle_4, sprint2_obstacle_6, sprint2_obstacle_5,
          sprint2_obstacle_3, sprint2_obstacle_7, sprint2_timed_cluster_1,
          sprint2_smallroom_cluster_1, sprint2_smallroom_final_cluster_1,
          sprint2_transparent_cluster_1, sprint2_second_timed_cluster_1,
          sprint2_sniper_area_1, sprint2_heavy_combat_area_1,
          sprint2_mutation_trap_area_1, sprint2_forest_area_1,
          sprint2_light_combat_area_1, sprint2_behind_water_1,
          sprint2_near_end_vault_1]

Skill      XL: |  1  2  3  4  5  6  7  8  9 |
---------------+----------------------------+-----
Fighting       | 6 7 8 10 11 13 15 | 15.7
Long Blades    | 6 7 9 11 13 15 | 15.9
Armour         | 3 4 5 6 8 |  8.5
Dodging        | 3 4 5 6 7 8 9 |  9.1
Stealth        | 1 |  1.7

Action                   |  1- 3 |  4- 6 |  7- 9 || total
-------------------------+-------+-------+-------++-------
Melee: Falchion          |     6 |    11 |    36 ||    53
       Headbutt          |     3 |     4 |    11 ||    18
       Punch             |       |     1 |     1 ||     2
       Long sword        |       |       |    31 ||    31
Invok: Berserk           |     1 |     1 |     3 ||     5
Armor: Animal skin       |       |       |     1 ||     1
       Chain mail        |       |       |    19 ||    19
Dodge: Dodged            |     3 |    10 |    33 ||    46
